| TOP OF THE 1ST |
|
Tampa Twisters batting - Pitching for Sarasota Eagles : RHP Ricky Canas
|
|
Pitching: RHP Ricky Canas
|
|
|
Batting: RHB John Hotchkiss
|
0-0: Ball 1-0: Called Strike 1-1: Called Strike 1-2: Ball 2-2: DOUBLE (Line Drive, 7LM, EV 108.1 MPH)
|
|
Batting: RHB Scott Earl
|
0-0: Ball 1-0: Ball 2-0: Called Strike 2-1: 2-RUN HOME RUN (Flyball, 7D, EV 94.4 MPH), Distance : 354 ft
|
|
Batting: RHB Basil Tennell
|
0-0: Ground out 5-3 (Groundball, 56S, EV 70.6 MPH)
|
|
Batting: LHB Jose Tolentino
|
0-0: Ball 1-0: Fly out, F8 (Flyball, 8RXD, EV 103.8 MPH)
|
|
Batting: RHB Benito Santiago
|
0-0: Called Strike 0-1: Ground out 5-3 (Groundball, 56, EV 98.1 MPH)
|
| Top of the 1st over - 2 runs, 2 hits, 0 errors, 0 left on base; Tampa 2 - Sarasota 0 |
| BOTTOM OF THE 1ST |
|
Sarasota Eagles batting - Pitching for Tampa Twisters : LHP Bob Kipper
|
|
Pitching: LHP Bob Kipper
|
|
|
Batting: SHB Ramon Sambo
|
0-0: Ball 1-0: Ball 2-0: Ball 3-0: Swinging Strike 3-1: Foul Ball, location: 2F 3-2: Base on Balls
|
|
Batting: SHB Todd Mabe
|
0-0: Called Strike 0-1: Foul Ball, location: 2F 0-2: Ball 1-2: SINGLE (Groundball, 34D, EV 97.5 MPH) Ramon Sambo to second Runner from 2nd tries for 3rd, SAFE, throw by RF made to third
|
|
Batting: RHB Thomas Brassil
|
0-0: Swinging Strike 0-1: SINGLE (Line Drive, 7S, EV 95.0 MPH) Ramon Sambo scores Todd Mabe to second
|
|
Batting: RHB Darrin Jackson
|
0-0: Foul Ball, location: 2F 0-1: Foul Ball, location: 2F 0-2: Fly out, F8 (Line Drive, 8LD, EV 104.4 MPH)
|
|
Batting: RHB Jose Estrada
|
0-0: Ball 1-0: Called Strike 1-1: Ball 2-1: Ball 3-1: Base on Balls Todd Mabe to third Thomas Brassil to second
|
|
Batting: RHB Matt Stark
|
0-0: Called Strike 0-1: Ball 1-1: Ball 2-1: Ball 3-1: Foul Ball, location: 2F 3-2: Base on Balls Todd Mabe scores Thomas Brassil to third Jose Estrada to second
|
|
Batting: RHB Terry Schriner
|
0-0: Swinging Strike 0-1: Foul Ball, location: 2F 0-2: Strikes out looking
|
|
Batting: LHB Dave Martinez
|
0-0: Swinging Strike 0-1: Swinging Strike 0-2: Ball 1-2: Strikes out looking
|
| Bottom of the 1st over - 2 runs, 2 hits, 0 errors, 3 left on base; Tampa 2 - Sarasota 2 |
| TOP OF THE 2ND |
|
Tampa Twisters batting - Pitching for Sarasota Eagles : RHP Ricky Canas
|
|
Batting: RHB Andres Thomas
|
0-0: SINGLE (Flyball, 7LS, EV 85.6 MPH)
|
|
Batting: LHB Alex Castaneda
|
0-0: Ball 1-0: Ball 2-0: Ball 3-0: Called Strike 3-1: Foul Ball, location: 2F 3-2: Strikes out looking
|
|
Batting: LHB Nellie DeLaRosa
|
0-0: Fly out, F2 (Popup, 2LF, EV 91.9 MPH)
|
|
Batting: RHB Nelson Ybarra
|
0-0: Ball 1-0: SINGLE (Line Drive, 8LS, EV 97.5 MPH) Andres Thomas to second
|
|
Batting: RHB John Hotchkiss
|
0-0: Foul Ball, location: 2F 0-1: Swinging Strike 0-2: Fly out, F6 (Popup, 4MS, EV 71.9 MPH)
|
| Top of the 2nd over - 0 runs, 2 hits, 0 errors, 2 left on base; Tampa 2 - Sarasota 2 |
| BOTTOM OF THE 2ND |
|
Sarasota Eagles batting - Pitching for Tampa Twisters : LHP Bob Kipper
|
|
Batting: LHB Kevin Johnston
|
0-0: Ball 1-0: Foul Ball, location: 2F 1-1: Ball 2-1: Foul Ball, location: 2F 2-2: Ball 3-2: Base on Balls
|
|
Batting: SHB Ramon Sambo
|
0-0: Ball 1-0: Called Strike 1-1: Foul Ball, location: 2F 1-2: Strikes out swinging
|
|
Batting: SHB Todd Mabe
|
0-0: Ball 1-0: Ball 2-0: Ball Passed Ball! Kevin Johnston to second 3-0: Foul Ball, location: 2F 3-1: Base on Balls
|
|
Batting: RHB Thomas Brassil
|
0-0: Fielders Choice at 2nd, 5-4 (Groundball, 56, EV 103.1 MPH) Kevin Johnston to third
|
|
Batting: RHB Darrin Jackson
|
0-0: Ball 1-0: Ball 2-0: Ball 3-0: Base on Balls Thomas Brassil to second
|
|
Batting: RHB Jose Estrada
|
0-0: Called Strike 0-1: Ball 1-1: Ground out U3 (Groundball, 3S, EV 78.8 MPH)
|
| Bottom of the 2nd over - 0 runs, 0 hits, 0 errors, 3 left on base; Tampa 2 - Sarasota 2 |
| TOP OF THE 3RD |
|
Tampa Twisters batting - Pitching for Sarasota Eagles : RHP Ricky Canas
|
|
Batting: RHB Scott Earl
|
0-0: Ball 1-0: Called Strike 1-1: Ball 2-1: Called Strike 2-2: Fly out, F8 (Flyball, 8LXD, EV 100.6 MPH)
|
|
Batting: RHB Basil Tennell
|
0-0: Ball 1-0: Ball 2-0: Ball 3-0: Base on Balls
|
|
Batting: LHB Jose Tolentino
|
0-0: Called Strike 0-1: SINGLE (Groundball, 4S, EV 68.8 MPH) (infield hit) Basil Tennell to second
|
|
Batting: RHB Benito Santiago
|
0-0: SINGLE (Groundball, 5D, EV 102.5 MPH) Basil Tennell to third Jose Tolentino to second
|
|
Batting: RHB Andres Thomas
|
0-0: Ball 1-0: SINGLE (Line Drive, 8RS, EV 107.5 MPH) Basil Tennell scores Jose Tolentino to third Benito Santiago to second Runner from 3rd tries for Home, SAFE, throw by CF to home
|
|
Batting: LHB Alex Castaneda
|
0-0: Fly out, F8 (Flyball, 78M, EV 80.6 MPH)
|
|
Batting: LHB Nellie DeLaRosa
|
0-0: Ground out 4-3 (Groundball, 4, EV 96.9 MPH)
|
| Top of the 3rd over - 2 runs, 3 hits, 0 errors, 2 left on base; Tampa 4 - Sarasota 2 |
| BOTTOM OF THE 3RD |
|
Sarasota Eagles batting - Pitching for Tampa Twisters : LHP Bob Kipper
|
|
Batting: RHB Matt Stark
|
0-0: Ball 1-0: Called Strike 1-1: Ball 2-1: Called Strike 2-2: Ball 3-2: Base on Balls
|
|
Batting: RHB Terry Schriner
|
0-0: Swinging Strike 0-1: Ball 1-1: Called Strike 1-2: Ball 2-2: Foul Ball, location: 2F 2-2: Foul Ball, location: 2F 2-2: Ball 3-2: Foul Ball, location: 2F 3-2: Base on Balls Matt Stark to second
|
|
Batting: LHB Dave Martinez
|
0-0: Called Strike 0-1: Called Strike 0-2: Ball 1-2: Strikes out swinging
|
|
Batting: LHB Kevin Johnston
|
0-0: Called Strike 0-1: Fly out, F9 (Flyball, 9LD, EV 96.3 MPH)
|
|
Batting: SHB Ramon Sambo
|
0-0: Called Strike 0-1: Ball 1-1: 3-RUN HOME RUN (Flyball, 7D, EV 101.9 MPH), Distance : 374 ft
|
|
Pitching: LHP Virgin Conley
|
|
|
Batting: SHB Todd Mabe
|
0-0: Ball 1-0: Ball 2-0: Foul Ball, location: 2F 2-1: Ground out 6-3 (Groundball, 6, EV 100.6 MPH)
|
| Bottom of the 3rd over - 3 runs, 1 hit, 0 errors, 0 left on base; Tampa 4 - Sarasota 5 |
| TOP OF THE 4TH |
|
Tampa Twisters batting - Pitching for Sarasota Eagles : RHP Ricky Canas
|
|
Batting: RHB Nelson Ybarra
|
0-0: Called Strike 0-1: Ball 1-1: SINGLE (Line Drive, 5L, EV 104.4 MPH)
|
|
Batting: RHB John Hotchkiss
|
0-0: Ball 1-0: SINGLE (Groundball, 56, EV 103.1 MPH) (infield hit) Nelson Ybarra to second
|
|
Batting: RHB Scott Earl
|
0-0: Grounds into double play, 5-4-3 (Groundball, 56, EV 82.5 MPH) Nelson Ybarra to third
|
|
Batting: RHB Basil Tennell
|
0-0: Called Strike 0-1: Ball 1-1: Ball 2-1: Ball 3-1: Ground out 1-3 (Groundball, 13, EV 75.0 MPH)
|
| Top of the 4th over - 0 runs, 2 hits, 0 errors, 1 left on base; Tampa 4 - Sarasota 5 |
| BOTTOM OF THE 4TH |
|
Sarasota Eagles batting - Pitching for Tampa Twisters : LHP Virgin Conley
|
|
Batting: RHB Thomas Brassil
|
0-0: Called Strike 0-1: Swinging Strike 0-2: Strikes out swinging
|
|
Batting: RHB Darrin Jackson
|
0-0: Foul Ball, location: 2F 0-1: Called Strike 0-2: Ball 1-2: Foul Ball, location: 2F 1-2: Ball 2-2: Ground out 5-3 (Groundball, 5L, EV 76.9 MPH)
|
|
Batting: RHB Jose Estrada
|
0-0: Ball 1-0: Foul Ball, location: 2F 1-1: Ball 2-1: Ball 3-1: Base on Balls
|
|
Batting: RHB Matt Stark
|
0-0: Called Strike 0-1: Ball 1-1: Called Strike 1-2: Strikes out swinging
|
| Bottom of the 4th over - 0 runs, 0 hits, 0 errors, 1 left on base; Tampa 4 - Sarasota 5 |
| TOP OF THE 5TH |
|
Tampa Twisters batting - Pitching for Sarasota Eagles : RHP Ricky Canas
|
|
Batting: LHB Jose Tolentino
|
0-0: Called Strike 0-1: Ball 1-1: Foul Ball, location: 2F 1-2: Strikes out swinging wild pitch, reaches first!
|
|
Batting: RHB Benito Santiago
|
0-0: Ball 1-0: Fly out, F8 (Flyball, 78D, EV 103.1 MPH)
|
|
Batting: RHB Andres Thomas
|
0-0: Foul Ball, location: 2F 0-1: Ball Jose Tolentino steals 2nd base 1-1: SINGLE (Groundball, 6, EV 96.3 MPH) Jose Tolentino to third Runner from 3rd tries for Home, SAFE, throw by CF to home
|
|
Pitching: RHP Marco Rivera
|
|
|
Batting: LHB Alex Castaneda
|
0-0: Ball Andres Thomas is caught stealing 2nd base 2-6 1-0: Ball 2-0: Hit by Pitch
|
|
Batting: LHB Nellie DeLaRosa
|
0-0: Ball 1-0: Ground out U3 (Groundball, 3L, EV 101.3 MPH)
|
| Top of the 5th over - 1 run, 1 hit, 0 errors, 1 left on base; Tampa 5 - Sarasota 5 |
| BOTTOM OF THE 5TH |
|
Sarasota Eagles batting - Pitching for Tampa Twisters : LHP Virgin Conley
|
|
Batting: RHB Terry Schriner
|
0-0: Fly out, F7 (Flyball, 7LM, EV 88.8 MPH)
|
|
Batting: LHB Dave Martinez
|
0-0: Called Strike 0-1: Ball 1-1: Foul Ball, location: 2F 1-2: SINGLE (Line Drive, 6MD, EV 96.9 MPH)
|
|
Batting: LHB Kevin Johnston
|
0-0: Fly out, F4 (Flyball, 4MD, EV 85.6 MPH)
|
|
Batting: SHB Ramon Sambo
|
0-0: Ball 1-0: Called Strike 1-1: Swinging Strike 1-2: Ball 2-2: Strikes out swinging
|
| Bottom of the 5th over - 0 runs, 1 hit, 0 errors, 1 left on base; Tampa 5 - Sarasota 5 |
| TOP OF THE 6TH |
|
Tampa Twisters batting - Pitching for Sarasota Eagles : RHP Marco Rivera
|
|
Batting: RHB Nelson Ybarra
|
0-0: Called Strike 0-1: Called Strike 0-2: Ball 1-2: Strikes out swinging
|
|
Batting: RHB John Hotchkiss
|
0-0: Called Strike 0-1: Swinging Strike 0-2: Foul Ball, location: 2F 0-2: Ball 1-2: Strikes out looking
|
|
Batting: RHB Scott Earl
|
0-0: Called Strike 0-1: Foul Ball, location: 2F 0-2: Ball 1-2: Ground out U3 (Groundball, 3S, EV 76.9 MPH)
|
| Top of the 6th over - 0 runs, 0 hits, 0 errors, 0 left on base; Tampa 5 - Sarasota 5 |
| BOTTOM OF THE 6TH |
|
Sarasota Eagles batting - Pitching for Tampa Twisters : LHP Virgin Conley
|
|
Batting: SHB Todd Mabe
|
0-0: Called Strike 0-1: Ball 1-1: Foul Ball, location: 2F 1-2: Ground out 6-3 (Groundball, 6, EV 107.5 MPH)
|
|
Batting: RHB Thomas Brassil
|
0-0: Ball 1-0: Swinging Strike 1-1: Foul Ball, location: 2F 1-2: Fly out, F5 (Popup, 56, EV 74.4 MPH)
|
|
Batting: RHB Darrin Jackson
|
0-0: Ball 1-0: Ground out 3-1 (Groundball, 34S, EV 86.3 MPH)
|
| Bottom of the 6th over - 0 runs, 0 hits, 0 errors, 0 left on base; Tampa 5 - Sarasota 5 |
| TOP OF THE 7TH |
|
Tampa Twisters batting - Pitching for Sarasota Eagles : RHP Marco Rivera
|
|
Batting: RHB Basil Tennell
|
0-0: Ball 1-0: Ball 2-0: Called Strike 2-1: Ball 3-1: Swinging Strike 3-2: Fly out, F8 (Line Drive, 8RM, EV 92.5 MPH)
|
|
Batting: LHB Jose Tolentino
|
0-0: Ball 1-0: Ground out 6-3 (Groundball, 6, EV 88.1 MPH)
|
|
Batting: RHB Benito Santiago
|
0-0: Ball 1-0: Called Strike 1-1: Ball 2-1: Ball 3-1: Base on Balls
|
|
Batting: RHB Andres Thomas
|
0-0: Ball 1-0: Ball 2-0: Called Strike 2-1: Called Strike 2-2: DOUBLE (Flyball, 89XD, EV 112.5 MPH) Benito Santiago to third Runner from 3rd tries for Home, SAFE, throw by CF to trailing runner, SAFE at third!
|
|
Batting: LHB Alex Castaneda
|
0-0: Ball 1-0: Swinging Strike 1-1: Called Strike 1-2: Ball 2-2: Strikes out swinging
|
| Top of the 7th over - 1 run, 1 hit, 0 errors, 1 left on base; Tampa 6 - Sarasota 5 |
| BOTTOM OF THE 7TH |
|
Sarasota Eagles batting - Pitching for Tampa Twisters : LHP Virgin Conley
|
|
Batting: RHB Jose Estrada
|
0-0: Called Strike 0-1: Foul Ball, location: 2F 0-2: Foul Ball, location: 2F 0-2: Ground out 2-3 (Groundball, 15S, EV 71.3 MPH)
|
|
Batting: RHB Matt Stark
|
0-0: Called Strike 0-1: Ball 1-1: Ball 2-1: Foul Ball, location: 2F 2-2: Foul Ball, location: 2F 2-2: Strikes out swinging
|
|
Batting: RHB Terry Schriner
|
0-0: Fly out, F7 (Flyball, 7S, EV 87.5 MPH)
|
| Bottom of the 7th over - 0 runs, 0 hits, 0 errors, 0 left on base; Tampa 6 - Sarasota 5 |
| TOP OF THE 8TH |
|
Tampa Twisters batting - Pitching for Sarasota Eagles : RHP Marco Rivera
|
|
Batting: LHB Nellie DeLaRosa
|
0-0: SINGLE (Groundball, 4D, EV 105.6 MPH)
|
|
Batting: RHB Nelson Ybarra
|
0-0: Sac Bunt to 3S - play at first, batter OUT! 3-4 Nellie DeLaRosa to second
|
|
Batting: RHB John Hotchkiss
|
0-0: Ball 1-0: Ball 2-0: Swinging Strike 2-1: Foul Ball, location: 2F 2-2: Foul Ball, location: 2F 2-2: Ball 3-2: Foul Ball, location: 2F 3-2: Ground out 5-3 (Groundball, 56, EV 79.4 MPH)
|
|
Pitching: RHP Ricky Rodriguez
|
|
|
Batting: RHB Scott Earl
|
0-0: Swinging Strike 0-1: Ball 1-1: Fly out, F4 (Popup, 4S, EV 70.6 MPH)
|
| Top of the 8th over - 0 runs, 1 hit, 0 errors, 1 left on base; Tampa 6 - Sarasota 5 |
| BOTTOM OF THE 8TH |
|
Sarasota Eagles batting - Pitching for Tampa Twisters : LHP Virgin Conley
|
|
Now in RF: Jordan Berge
|
|
|
Batting: LHB Dave Martinez
|
0-0: Ball 1-0: Ball 2-0: SINGLE (Groundball, 6M, EV 103.8 MPH) (infield hit)
|
|
Pinch Hitting: RHB Ramon Henderson
|
0-0: SINGLE (Line Drive, 8RM, EV 95.6 MPH) Dave Martinez to second Runner from 2nd tries for 3rd, SAFE, no throw by CF
|
|
Batting: SHB Ramon Sambo
|
0-0: Ball Wild Pitch! Dave Martinez scores Ramon Henderson to second 1-0: Ground out 6-3 (Groundball, P, EV 83.1 MPH) Ramon Henderson to third
|
|
Batting: SHB Todd Mabe
|
0-0: Ball 1-0: Ball 2-0: Called Strike 2-1: Swinging Strike 2-2: Ball 3-2: SINGLE (Groundball, 34, EV 95.6 MPH) Ramon Henderson scores
|
|
Batting: RHB Thomas Brassil
|
0-0: Ball 1-0: Ball 2-0: Foul Ball, location: 2F 2-1: Foul Ball, location: 2F 2-2: SINGLE (Line Drive, 8LM, EV 97.5 MPH) Todd Mabe to second
|
|
Pitching: RHP Kevin Gordon
|
|
|
Batting: RHB Darrin Jackson
|
0-0: Swinging Strike 0-1: Called Strike 0-2: Strikes out swinging
|
|
Batting: RHB Jose Estrada
|
0-0: SINGLE (Groundball, 6S, EV 70.0 MPH) (infield hit) Todd Mabe to third Thomas Brassil to second
|
|
Batting: RHB Matt Stark
|
0-0: Ball 1-0: Ball 2-0: Ball 3-0: Foul Ball, location: 2F 3-1: Swinging Strike 3-2: Strikes out looking
|
| Bottom of the 8th over - 2 runs, 5 hits, 0 errors, 3 left on base; Tampa 6 - Sarasota 7 |
| TOP OF THE 9TH |
|
Tampa Twisters batting - Pitching for Sarasota Eagles : RHP Ricky Rodriguez
|
|
Pitching: RHP Charlie Corbell
|
|
|
Now in CF: Jesus Mercado
|
|
|
Batting: RHB Basil Tennell
|
0-0: Swinging Strike 0-1: SOLO HOME RUN (Flyball, 78XD, EV 99.4 MPH), Distance : 405 ft
|
|
Batting: LHB Jose Tolentino
|
0-0: Foul Ball, location: 2F 0-1: Ball 1-1: Foul Ball, location: 2F 1-2: Foul Ball, location: 2F 1-2: Ball 2-2: SOLO HOME RUN (Flyball, 89XD, EV 99.4 MPH), Distance : 447 ft
|
|
Batting: RHB Benito Santiago
|
0-0: Swinging Strike 0-1: Swinging Strike 0-2: Ball 1-2: Strikes out swinging
|
|
Batting: RHB Andres Thomas
|
0-0: Ball 1-0: Ball 2-0: Called Strike 2-1: Ball 3-1: SINGLE (Line Drive, 9S, EV 89.4 MPH)
|
|
Batting: LHB Jordan Berge
|
0-0: Ball 1-0: Ball 2-0: Called Strike 2-1: Foul Ball, location: 2F 2-2: Foul Ball, location: 2F 2-2: Ball 3-2: Base on Balls Andres Thomas to second
|
|
Batting: LHB Nellie DeLaRosa
|
0-0: Ball Andres Thomas is caught stealing 3rd base 2-5 1-0: SINGLE (Groundball, 6D, EV 111.9 MPH) Jordan Berge to second
|
|
Batting: RHB Nelson Ybarra
|
0-0: Called Strike 0-1: Ball Balk! Jordan Berge to third Nellie DeLaRosa to second 1-1: Ball 2-1: Foul Ball, location: 2F 2-2: Foul Ball, location: 2F 2-2: Ball 3-2: Strikes out swinging
|
| Top of the 9th over - 2 runs, 4 hits, 0 errors, 2 left on base; Tampa 8 - Sarasota 7 |
| BOTTOM OF THE 9TH |
|
Sarasota Eagles batting - Pitching for Tampa Twisters : RHP Kevin Gordon
|
|
Pitching: RHP Dave Harman
|
|
|
Pinch Hitting: LHB John Metasavage
|
0-0: Called Strike 0-1: Ball 1-1: SINGLE (Line Drive, 7LS, EV 101.9 MPH)
|
|
Batting: LHB Dave Martinez
|
0-0: Ball 1-0: SINGLE (Groundball, 4MD, EV 100.6 MPH) (infield hit) John Metasavage to second
|
|
Pinch Hitting: LHB Ricky Lemon
|
0-0: Foul Ball, location: 2F 0-1: Foul Ball, location: 2F 0-2: Grounds into double play, 4-6-3 (Groundball, 4, EV 98.8 MPH) John Metasavage to third
|
|
Batting: SHB Ramon Sambo
|
0-0: Ball 1-0: Ball 2-0: Ball 3-0: Called Strike 3-1: Called Strike 3-2: Foul Ball, location: 2F 3-2: Foul Ball, location: 2F 3-2: Base on Balls
|
|
Batting: SHB Todd Mabe
|
0-0: Ball 1-0: Ball 2-0: Ball 3-0: Called Strike 3-1: Called Strike 3-2: Ground out 6-3 (Groundball, 6D, EV 105.0 MPH)
|
| Bottom of the 9th over - 0 runs, 2 hits, 0 errors, 2 left on base; Tampa 8 - Sarasota 7 |
|